 Dungeon Crawl Stone Soup version 0.20-a0-259-gc929cd2 (webtiles) character file.

591 Jarlath the Slasher (level 7, -3/46 HPs)
             Began as a High Elf Monk on Dec 2, 2016.
             Was a Priest of Dithmenos.
             Slain by jasper's ghost (5 damage)
             ... on level 5 of the Dungeon.
             The game lasted 00:03:24 (5204 turns).

Jarlath the Slasher (High Elf Monk)                 Turns: 5204, Time: 00:03:25

Health: -3/46      AC:  3    Str: 15    XL:     7   Next: 16%
Magic:  8/8        EV: 18    Int: 13    God:    Dithmenos [***...]
Gold:   284        SH:  0    Dex: 21    Spells: 6/6 levels left

rFire  . . .     SeeInvis +     a - +0 falchion
rCold  . . .     Gourm    .     b - +0 robe
rNeg   . . .     Faith    .     (no shield)
rPois  .         Spirit   .     m - +1 hat {SInv}
rElec  .         Reflect  .     (no cloak)
rCorr  .         Harm     .     (no gloves)
MR     .....                    (no boots)
Stlth  +++.......               (no amulet)
                                (no ring)
                                (no ring)

@: mighty, wreathed by umbra
A: no striking features
a: Shadow Step, Renounce Religion


You were on level 5 of the Dungeon.
You worshipped Dithmenos.
Dithmenos was most pleased with you.
You were not hungry.

You visited 1 branch of the dungeon, and saw 5 of its levels.

You collected 284 gold pieces.

Inventory:

Hand Weapons
 a - a +0 falchion (weapon)
Armour
 b - a +0 robe (worn)
 m - a +1 hat of see invisible (worn)
Scrolls
 c - 4 scrolls of remove curse {unknown}
 e - 2 scrolls of identify {unknown}
 i - a scroll of enchant armour {unknown}
Potions
 d - 2 potions of cancellation {unknown}
 g - 2 potions of lignification
 l - a potion of heal wounds {unknown}
 n - a potion of ambrosia {unknown}
 p - a potion of flight
 q - a potion of haste {unknown}
 r - 2 potions of curing
Comestibles
 j - 2 beef jerkies
 k - 3 meat rations
 o - 3 bread rations


   Skills:
 - Level 3.0 Fighting
 + Level 7.5 Long Blades
 * Level 6.8 Dodging
 - Level 2.1 Stealth


You had 6 spell levels left.
You didn't know any spells.

Dungeon Overview and Level Annotations

Branches:
Dungeon (5/15)
 Temple: D:4-7

Altars:
Dithmenos
Hepliaklqana
Sif Muna
Vehumet
Zin

Annotations:
D:5 jasper's ghost, novice DDMo


Message History

You hit jasper's ghost.
Jasper's ghost is moderately damaged.
Jasper's ghost misses you.
You hit jasper's ghost.
Jasper's ghost is moderately damaged.
Jasper's ghost misses you.
You closely miss jasper's ghost.
Jasper's ghost is moderately damaged.
Jasper's ghost hits you.
You hit jasper's ghost but do no damage.
Jasper's ghost is moderately damaged.
You barely miss jasper's ghost.
Jasper's ghost is moderately damaged.
Jasper's ghost hits you!
You slash jasper's ghost!
Jasper's ghost is heavily damaged.
Jasper's ghost hits you!
* * * LOW HITPOINT WARNING * * *
Jasper's ghost hits you.
You die...

##########
#......W@#
#.########
#.########.#
#......[...#
############


You could see jasper's ghost.

Vanquished Creatures
  3 ogres (D:4)
  2 iguanas (D:4)
  4 worker ants
  A worker ant zombie (D:5)
  A howler monkey skeleton (D:4)
  8 adders
  2 oozes
  A worm (D:3)
  A dart slug (D:1)
  3 leopard geckos
  3 orcs
  3 ball pythons
  2 giant cockroaches (D:3)
  16 goblins
  8 hobgoblins
  10 jackals
  11 kobolds
  9 bats
  5 frilled lizards
  7 rats
100 creatures vanquished.

Notes
Turn   | Place    | Note
-------+----------+-------------------------------------------
     0 | D:1      | Jarlath the High Elf Monk began the quest for the Orb.
     0 | D:1      | Reached XP level 1. HP: 16/16 MP: 2/2
    47 | D:1      | Reached skill level 4 in Long Blades
    84 | D:1      | Reached XP level 2. HP: 10/21 MP: 3/3
   713 | D:1      | Reached skill level 5 in Long Blades
  1065 | D:2      | Reached XP level 3. HP: 10/26 MP: 4/4
  1317 | D:2      | Found a hazy altar of Hepliaklqana.
  1339 | D:2      | Found a deep blue altar of Sif Muna.
  1342 | D:2      | Found a shadowy altar of Dithmenos.
  1342 | D:2      | Found a glowing silver altar of Zin.
  1353 | D:2      | Became a worshipper of Dithmenos the Shadowed
  1353 | D:2      | Reached * piety under Dithmenos
  1353 | D:2      | Reached ** piety under Dithmenos
  1711 | D:2      | Reached XP level 4. HP: 31/31 MP: 5/5
  1760 | D:2      | Reached skill level 6 in Long Blades
  3055 | D:3      | Reached XP level 5. HP: 36/36 MP: 6/6
  3353 | D:3      | Reached *** piety under Dithmenos
  3509 | D:3      | Found a faded altar of an unknown god.
  3589 | D:4      | Noticed an ogre
  3605 | D:4      | Killed an ogre
  3605 | D:4      | Reached skill level 5 in Dodging
  3605 | D:4      | Reached XP level 6. HP: 42/42 MP: 7/7
  3624 | D:4      | Found a radiant altar of Vehumet.
  3688 | D:4      | Reached skill level 7 in Long Blades
  4448 | D:4      | Reached XP level 7. HP: 46/46 MP: 8/8
  4893 | D:5      | Entered Level 5 of the Dungeon
  4912 | D:5      | Noticed jasper's ghost (novice DDMo)
  5203 | D:5      | HP: 2/46 [jasper's ghost (14)]
  5204 | D:5      | Slain by jasper's ghost

Vault maps used:
D:1:      tarquinn_simple_flora_water_d, minmay_misc_feat_nine_boxes,
          hangedman_decor_points
D:2:      cheibrodos_greedy_goblins, chequers_temple_overflow_statue_of_worship
D:3:      kb_forest_paths, first_bread, chequers_ecumenical_altar_simple
D:4:      vehumet_crystals
D:5:      nemelex_altar_shiori, hangedman_abyss_or_decor_slice, uniq_grinder,
          uniq_eustachio

Skill      XL: |  1  2  3  4  5  6 |
---------------+-------------------+-----
Long Blades    | 4 5 6 7 |  7.5
Dodging        | 4 5 6 |  6.8
Fighting       | |  3.0
Stealth        | |  2.1

Action                   |  1- 3 |  4- 6 |  7- 9 || total
-------------------------+-------+-------+-------++-------
Melee: Falchion          |   106 |   230 |    37 ||   373
  Use: Scroll            |     4 |       |       ||     4
       Potion            |       |     6 |     1 ||     7
 Stab: Sleeping          |     6 |     5 |       ||    11
       Distracted        |       |     2 |       ||     2
  Eat: Bread ration      |     1 |     1 |       ||     2
       Chunk             |       |     2 |     1 ||     3
       Fruit             |       |     1 |       ||     1
       Pizza             |       |       |     1 ||     1
Armor: Robe              |    15 |    18 |     3 ||    36
       Skin              |       |     8 |       ||     8
Dodge: Dodged            |    90 |   225 |    17 ||   332
       Rpst.: Falchion   |    27 |    70 |     9 ||   106
